 Dungeon Crawl Stone Soup version 0.23.2-33-g5129a83184 (webtiles) character file.

Game seed: 1400367248578002693

777 DorianNounverber the Thaumaturge (level 7, -4/36 HPs)
             Began as a Deep Elf Wizard on July 10, 2019.
             Was an Initiate of Vehumet.
             Killed from afar by an orc wizard (7 damage)
             ... with a puff of flame
             ... on level 5 of the Dungeon.
             The game lasted 00:29:50 (6606 turns).

DorianNounverber the Thaumaturge (Deep Elf Wizard)  Turns: 6606, Time: 00:29:51

Health: -4/36      AC:  3    Str:  4    XL:     7   Next: 54%
Magic:  2/21       EV: 14    Int: 25    God:    Vehumet [......]
Gold:   194        SH:  0    Dex: 13    Spells: 12/23 levels left

rFire    . . .     SeeInvis .   o - staff of air
rCold    . . .     Gourm    .   (no shield)
rNeg     . . .     Faith    .   a - +0 robe
rPois    .         Spirit   .   b - +0 hat
rElec    +         Reflect  .   r - +0 cloak
rCorr    .         Harm     .   (no gloves)
MR       .....                  (no boots)
Stlth    ++........             (no amulet)
HPRegen  0.12/turn              (no ring)
MPRegen  0.17/turn              (no ring)

@: very slightly contaminated
A: no striking features
a: Renounce Religion


You were on level 5 of the Dungeon.
You worshipped Vehumet.
Vehumet was noncommittal.
You were not hungry.

You visited 2 branches of the dungeon, and saw 7 of its levels.

You collected 194 gold pieces.

Inventory:

Hand Weapons
 e - a +0 dagger
 h - a +0 short sword
Missiles
 t - 5 tomahawks (quivered)
Armour
 a - a +0 robe (worn)
 b - a +0 hat (worn)
 r - a +0 cloak (worn)
Magical Staves
 o - an uncursed staff of air (weapon)
Wands
 i - a wand of paralysis (9)
 m - a wand of polymorph (6)
Scrolls
 c - 4 scrolls of teleportation
 g - a scroll of remove curse
 k - a scroll of amnesia
 l - a scroll of blinking
 p - 3 scrolls of magic mapping
 v - a scroll of fear
 w - a scroll of noise {unknown}
Potions
 f - 2 potions of degeneration
 j - 2 potions of mutation
 n - 4 potions of curing
 q - a potion of berserk rage {unknown}
 s - 2 potions of invisibility
 u - 2 potions of magic
Comestibles
 d - 6 rations


   Skills:
 + Level 0.1 Fighting
 * Level 2.2 Staves
 * Level 4.0 Dodging
 + Level 3.0 Stealth
 * Level 8.6 Spellcasting
 + Level 2.9 Conjurations
 + Level 3.2 Summonings
 + Level 1.3 Translocations
 + Level 0.4 Fire Magic
 * Level 2.2 Evocations


You had 12 spell levels left.
You knew the following spells:

 Your Spells              Type           Power        Failure   Level  Hunger
a - Magic Dart            Conj           ####         1%          1    None
b - Blink                 Tloc           N/A          4%          2    None
c - Call Imp              Summ           ####....     2%          2    None
d - Conjure Flame         Conj/Fire      ###.....     9%          3    None
e - Mephitic Cloud        Conj/Pois/Air  ###.....     12%         3    None

Your spell library contained the following spells:

 Spells                   Type           Power        Failure   Level  Hunger
 Slow                     Hex            ##......     9%          2    None


Dungeon Overview and Level Annotations

Branches:
Dungeon (6/15)             Temple (1/1) D:5

Altars:
Ashenzari
Cheibriados
Elyvilon
Fedhas
Gozag
Hepliaklqana
Makhleb
Nemelex Xobeh
Okawaru
Qazlal
Ru
Sif Muna
Trog
Uskayaw
Vehumet
Wu Jian
Zin
Lugonu


Message History

You feel yourself speed up. The orc wizard casts a spell at you.
The magic dart hits you.
* * * LOW HITPOINT WARNING * * *
Your crimson imp hits the orc wizard.
The orc wizard hits your crimson imp with a +0 dagger.
Your crimson imp hits the orc wizard.
Casting: Call Imp (safe; 2% risk of failure)
Confirm with . or Enter, or press ? or * to list all spells.
You blink.
The orc wizard casts a spell at your crimson imp.
The puff of frost hits your crimson imp!
Your crimson imp is frozen!
Your crimson imp dies!
Casting: Blink (safe; 4% risk of failure)
Confirm with . or Enter, or press ? or * to list all spells.
You don't have enough magic to cast that spell.
The orc wizard points at you and mumbles some strange words.
The puff of flame hits you!
You die...

.# #...### #######.#.#
.# ##### #.........# .#
#.#####.### .# #.# #.#
.### #.# #.# ...# #.#
#.# ...###### #.# #.#
...##...########.#####.#
................@....o>#
.#.##.##################
...†..# .#.#### ##.# #.#
##.# ...# ####


You could see an orc wizard.

Vanquished Creatures
  An ice beast (D:6)
  A sky beast (D:5)
  A hound (D:5)
  A jelly (D:5)
  2 orc wizards
  A worker ant zombie (D:5)
  5 adders
  3 gnolls (D:6)
  An ooze (D:3)
  A dart slug (D:3)
  3 leopard geckos
  7 orcs
  5 bats
  5 giant cockroaches
  6 goblins
  6 hobgoblins
  A jackal (D:1)
  3 ball pythons
  4 frilled lizards
  8 kobolds
  7 rats
72 creatures vanquished.

Vanquished Creatures (collateral kills)
  Sigmund (D:2)
  The ghost of Descartes the Shield-Bearer, an amateur OpFi (D:3)
  An ogre (D:4)
  A centaur (D:5)
  A crimson imp (D:5)
  A bullfrog skeleton (D:3)
  Natasha (thrice) (D:3)
  An orc wizard (D:3)
  3 worker ants (D:4)
  A worker ant zombie (D:3)
  4 oozes
  A worm (D:3)
  7 orcs
  7 jackals
  A quokka (D:2)
  A ball python (D:3)
35 creatures vanquished.

Grand Total: 107 creatures vanquished

Notes
Turn   | Place    | Note
-------+----------+-------------------------------------------
     0 | D:1      | DorianNounverber the Deep Elf Wizard began the quest for
                  | the Orb.
     0 | D:1      | Reached XP level 1. HP: 10/10 MP: 7/7
   192 | D:1      | Reached XP level 2. HP: 15/15 MP: 3/9
   198 | D:1      | Learned a level 2 spell: Blink
   200 | D:1      | Reached skill level 5 in Spellcasting
   627 | D:2      | Learned a level 2 spell: Call Imp
  1170 | D:1      | Found a white marble altar of Elyvilon.
  1441 | D:2      | Reached XP level 3. HP: 19/19 MP: 9/12
  1829 | D:2      | Found a faded altar of an unknown god.
  1934 | D:2      | Noticed Sigmund
  1944 | D:2      | Killed Sigmund
  1944 | D:2      | Reached skill level 6 in Spellcasting
  1944 | D:2      | Reached XP level 4. HP: 24/24 MP: 5/14
  2223 | D:2      | Found a sparkling altar of Nemelex Xobeh.
  2282 | D:3      | Found a runed translucent gate.
  2282 | D:3      | Found a runed translucent gate.
  2282 | D:3      | Found a runed translucent gate.
  2288 | D:3      | Noticed Descartes's ghost (amateur OpFi)
  2404 | D:3      | Reached XP level 5. HP: 28/28 MP: 4/15
  2406 | D:3      | Killed Descartes's ghost
  2552 | D:3      | Found a shattered altar of Ashenzari.
  2575 | D:3      | Found an ornate altar of the Wu Jian Council.
  3080 | D:3      | Noticed Natasha
  3098 | D:3      | Killed Natasha
  3098 | D:3      | Reached skill level 7 in Spellcasting
  3320 | D:3      | Noticed Natasha
  3326 | D:3      | Learned a level 3 spell: Conjure Flame
  3350 | D:3      | Killed Natasha
  3353 | D:3      | Reached XP level 6. HP: 29/32 MP: 9/18
  3444 | D:3      | Noticed Natasha
  3457 | D:3      | Killed Natasha
  3851 | D:4      | Reached skill level 1 in Evocations
  3923 | D:4      | Found a blossoming altar of Fedhas.
  3926 | D:4      | Found a sacrificial altar of Ru.
  4124 | D:4      | Found a hazy altar of Hepliaklqana.
  4351 | D:4      | Found a burning altar of Makhleb.
  4781 | D:4      | Reached skill level 1 in Staves
  5008 | D:5      | Entered Level 5 of the Dungeon
  5016 | D:5      | Found a staircase to the Ecumenical Temple.
  5053 | Temple   | Entered the Ecumenical Temple
  5235 | D:5      | Found a radiant altar of Vehumet.
  5250 | D:5      | Became a worshipper of Vehumet
  5480 | D:5      | Found a hide-covered altar of Uskayaw.
  5494 | D:5      | Noticed a sky beast
  5534 | D:5      | Killed a sky beast
  5534 | D:5      | Reached skill level 8 in Spellcasting
  5534 | D:5      | Reached XP level 7. HP: 31/36 MP: 0/20
  5573 | D:5      | Learned a level 3 spell: Mephitic Cloud
  6107 | D:5      | Found a deep blue altar of Sif Muna.
  6606 | D:5      | Killed from afar by an orc wizard

Skill      XL: |  1  2  3  4  5  6  7 |
---------------+----------------------+-----
Spellcasting   | 5 6 7 8 |  8.6
Dodging        | 3 4 |  4.0
Summonings     | 2 3 |  3.2
Conjurations   | 2 |  2.9
Evocations     | 1 2 |  2.2
Staves         | 2 |  2.2
Stealth        | 3 |  3.0
Fighting       | |  0.1
Translocations | |  1.3
Fire Magic     | |  0.4

Action                   |  1- 3 |  4- 6 |  7- 9 || total
-------------------------+-------+-------+-------++-------
Melee: Staff             |       |    12 |    18 ||    30
 Cast: Magic Dart        |    67 |   104 |    48 ||   219
       Call Imp          |    17 |    66 |    14 ||    97
       Blink             |     1 |     3 |     2 ||     6
       Conjure Flame     |       |     3 |     7 ||    10
  Use: Potion            |     1 |       |       ||     1
       Scroll            |       |    12 |       ||    12
  Eat: Ration            |     1 |     3 |     1 ||     5
       Chunk             |       |     2 |       ||     2
Armor: Robe              |     4 |     5 |     9 ||    18
Dodge: Dodged            |    20 |    28 |    17 ||    65
